 Dungeon Crawl Stone Soup version 0.16-a0-3219-g20c30b8 (webtiles) character file.

35 Grim the Sneak (level 3, -3/16 HPs)
             Began as a Spriggan Enchanter on Dec 21, 2014.
             Slain by a worm (9 damage)
             ... on level 2 of the Dungeon.
             The game lasted 00:05:07 (1408 turns).

Grim the Sneak (Spriggan Enchanter)                 Turns: 1408, Time: 00:05:07

Health: -3/16      AC:  3    Str:  4    XL:     3   Next: 17%
Magic:  8/9        EV: 18    Int: 17    God:
Gold:   62         SH:  0    Dex: 16    Spells: 1 memorised, 6 levels left

rFire  . . .     SeeInvis +     a - +1 dagger
rCold  . . .     Clarity  .     b - +1 robe
rNeg   . . .     SustAb   .     (shield restricted)
rPois  .         Gourm    .     (helmet restricted)
rElec  .         Spirit   .     (no cloak)
rCorr  .         Warding  .     (gloves unavailable)
rMut   .         Stasis   .     (boots unavailable)
MR     .....                    (no amulet)
Stlth  +++.......               (no ring)
                                (no ring)

@: very slightly contaminated, very quick, not resistant to hostile
enchantments, fairly stealthy
A: unfitting armour, see invisible, herbivore 3, speed 3, slow metabolism 2
a: no special abilities


You were on level 2 of the Dungeon.
You were not hungry.

You visited 1 branch of the dungeon, and saw 2 of its levels.

You collected 62 gold pieces.

Inventory:

Hand weapons
 a - a +1 dagger (weapon)
Armour
 b - a +1 robe (worn)
Scrolls
 e - 4 scrolls of amnesia {unknown}
 f - 6 scrolls of identify {unknown}
 g - a scroll of enchant armour {unknown}
 i - a scroll of recharging {unknown}
 j - 2 scrolls of remove curse {unknown}
 o - a scroll of blinking {unknown}
Potions
 h - 2 potions of brilliance {unknown}
 k - 2 potions of heal wounds {unknown}
 l - 2 potions of curing {unknown}
 m - a potion of lignification {unknown}
 n - a potion of resistance {unknown}
Books
 c - a book of Maledictions

   Spells                             Type                      Level
   a - Corona                         Hexes                        1
   b - Sure Blade                     Hexes/Charms                 2
   c - Ensorcelled Hibernation        Hexes/Ice                    2
   d - Confuse                        Hexes                        3
   e - Dazzling Spray                 Conjuration/Hexes            3
   f - Enslavement                    Hexes                        4
Comestibles
 d - 2 bread rations


   Skills:
 - Level 3.1 Short Blades
 - Level 3.0 Dodging
 + Level 4.4 Stealth
 - Level 2.6 Spellcasting
 * Level 3.9 Hexes


You had 6 spell levels left.
You knew the following spells:

 Your Spells              Type           Power        Failure   Level  Hunger
a - Corona                Hex            ###....      3%          1    #......


Dungeon Overview and Level Annotations

Branches:
Dungeon (2/15)

Altars:

Annotations:
D:2 Terence


Innate Abilities, Weirdness & Mutations

You are tiny and cannot use many weapons and most armour.
You have supernaturally acute eyesight.
You are a herbivore.
You cover ground extremely quickly.
You need consume almost no food.


Message History

You hit the worm.
The worm is heavily wounded.
The bat hits you but does no damage. The bat barely misses you.
You hit the worm.
The worm is heavily wounded.
The bat misses you. The worm misses you.
You hit the worm.
The worm is severely wounded.
The bat completely misses you.
You hit the worm.
The worm is severely wounded.
The worm stops glowing.
The bat closely misses you. The worm bites you!
Ouch! That really hurt!
* * * LOW HITPOINT WARNING * * *
You barely miss the worm.
The worm is severely wounded.
The bat hits you but does no damage.
You miss the bat. The bat misses you. The worm bites you!
Ouch! That really hurt!
You die...

####### ##### #.....# #...#
#..$S.# #...# ##.....#
#...# .. ##......#####...#
...##...............#
..........###!####...#####
...........@..# #.......#
....#.....w.### #.......#
.........########...#...###
.......### ................
.###..####.#######.##.#####
#........# #..#.# #
.........# ###....#
.........# #....#######
#.#........#####...........


You could see a worm.

Vanquished Creatures
  A worm (D:2)
  7 goblins
  4 hobgoblins
  6 kobolds
  A quokka (D:2)
  5 bats
  A giant newt (D:2)
  4 rats
29 creatures vanquished.

Notes
Turn   | Place    | Note
--------------------------------------------------------------
     0 | D:1      | Grim, the Spriggan Enchanter, began the quest for the Orb.
     0 | D:1      | Reached XP level 1. HP: 9/9 MP: 4/4
   385 | D:1      | Reached XP level 2. HP: 11/13 MP: 3/7
   849 | D:2      | Noticed Terence
   996 | D:2      | Reached XP level 3. HP: 14/16 MP: 7/9
  1408 | D:2      | Slain by a worm

Action                   || total
-------------------------++-------
Melee: Dagger            ||   138
 Cast: Corona            ||    19
 Stab: Sleeping          ||     1
